 Dungeon Crawl Stone Soup version 0.17-a0-913-g36eb389 (webtiles) character file.

1430 hornqvist the Chopper (level 9, -1/70 HPs)
             Began as a Formicid Fighter on May 3, 2015.
             Was an Initiate of Gozag.
             Slain by Prince Ribbit (3 damage)
             ... on level 5 of the Dungeon.
             The game lasted 00:06:02 (5175 turns).

hornqvist the Chopper (Formicid Fighter)            Turns: 5175, Time: 00:06:03

Health: -1/70      AC: 11    Str: 24    XL:     9   Next: 3%
Magic:  9/9        EV:  8    Int: 15    God:    Gozag
Gold:   430        SH: 10    Dex: 10    Spells: 0 memorised, 8 levels left

rFire  . . .     SeeInvis +     z - +1 hand axe (drain)
rCold  + . .     Clarity  .     t - +0 chain mail
rNeg   . . .     SustAb   .     c - +0 shield
rPois  .         Gourm    .     (helmet unavailable)
rElec  .         Spirit   .     o - +0 cloak (curse)
rCorr  .         Warding  .     (no gloves)
rMut   .         Stasis   +     (no boots)
MR     .....                    (no amulet)
Stlth  ..........               (no ring)
                                i - ring of protection from cold

@: brilliant, lethally poisoned (-1 -> -7), very slightly contaminated,
invisible, not resistant to hostile enchantments, extremely unstealthy
A: permanent stasis, dig shafts and tunnels, four strong arms, antennae 3,
clever 1, robust 1, spit poison 1
a: Dig, Shaft Self, Spit Poison, Potion Petition, Call Merchant, Bribe Branch,
Renounce Religion


You were on level 5 of the Dungeon.
You worshipped Gozag.
Gozag was noncommittal.
You were hungry.

You visited 2 branches of the dungeon, and saw 6 of its levels.

You collected 490 gold pieces.
You paid 60 gold pieces to Gozag.

Inventory:

Hand weapons
 a - a +0 war axe
 z - a +1 hand axe of draining (weapon)
Armour
 b - a +0 scale mail
 c - a +0 shield (worn)
 o - a cursed +0 cloak (worn)
 t - a +0 chain mail (worn)
Jewellery
 i - a ring of protection from cold (left hand)
 A - an uncursed ring of stealth {unknown}
Magical devices
 f - a wand of fireball (7)
 q - a wand of digging (12)
Scrolls
 g - a scroll of recharging {unknown}
 h - 4 scrolls of noise {unknown}
 j - 2 scrolls of identify {unknown}
 l - 3 scrolls of fear {unknown}
 m - 2 scrolls of remove curse {unknown}
 n - 2 scrolls of magic mapping {unknown}
 p - a scroll of enchant weapon {unknown}
 v - 2 scrolls of enchant armour {unknown}
 w - a scroll of teleportation {unknown}
 y - a scroll of fog {unknown}
Potions
 d - 2 potions of might
Comestibles
 e - 3 bread rations
 u - a meat ration


   Skills:
 - Level 3.2 Fighting
 * Level 7.1 Axes
 + Level 6.1 Armour
 + Level 3.8 Dodging
 + Level 6.4 Shields


You had 8 spell levels left.
You didn't know any spells.

Dungeon Overview and Level Annotations

Branches:
Dungeon (5/15)             Temple (1/1) D:4

Altars:
Ashenzari
Cheibriados
Fedhas
Gozag
Kikubaaqudgha
Makhleb
Qazlal
Sif Muna
Vehumet
Xom
Yredelemnul
Zin

Annotations:
D:5 Prince Ribbit


Innate Abilities, Weirdness & Mutations

You are under a permanent stasis effect.
You can dig through walls and to a lower floor.
Your four strong arms can wield two-handed weapons with a shield.
You have a pair of large antennae on your head (SInv).
Your mind is acute. (Int +2)
You are robust (+10% HP).
You can spit weak poison.


Message History

* * * LOW HITPOINT WARNING * * *
You feel sick. You block the hound zombie's attack. Prince Ribbit hits you.
* * * LOW HITPOINT WARNING * * *
You take 2 damage, and have 6/70 hp.
Drink which item? (? for menu, Esc to quit)
It was a potion of invisibility.
You fade into invisibility!
* * * LOW HITPOINT WARNING * * *
You feel sick.
The hound zombie bites you but does no damage.
Prince Ribbit hits you.
* * * LOW HITPOINT WARNING * * *
You are very lightly contaminated with residual magic.
You take 4 damage, and have 2/70 hp.
Drink which item? (? for menu, Esc to quit)
It was a potion of brilliance.
You feel clever all of a sudden. Prince Ribbit hits you.
You die...
Your body crumbles into a pile of gold.

#.....## #......##
#.......#########
#.###...........>.
## ##............
##..........
#..........
##.F....###.
#..@........
##...Z.......
#..######### #.##
#.# .## ##


You could see Prince Ribbit and a hound zombie.

Vanquished Creatures
  Sigmund (D:4)
  Eustachio (D:5)
  Menkaure (D:5)
  A water moccasin (D:4)
  A sky beast (D:5)
  3 ogres
  Blork the orc (D:4)
  A jelly (D:5)
  Ijyb (D:2)
  2 hounds
  Jessica (D:2)
  3 orc wizards
  2 iguanas
  A worker ant (D:5)
  Robin (D:2)
  6 adders
  A river rat (D:5)
  A worm (D:3)
  4 giant geckos
  11 orcs
  16 goblins
  13 hobgoblins
  21 jackals
  3 kobolds
  4 quokkas (D:5)
  A ball python skeleton (D:4)
  12 bats
  2 giant cockroaches
  7 giant newts
  A jackal zombie (D:5)
  12 rats
136 creatures vanquished.

Notes
Turn   | Place    | Note
--------------------------------------------------------------
     0 | D:1      | hornqvist, the Formicid Fighter, began the quest for the Orb.
     0 | D:1      | Reached XP level 1. HP: 18/18 MP: 1/1
    68 | D:1      | Reached XP level 2. HP: 24/24 MP: 2/2
   482 | D:1      | Reached XP level 3. HP: 29/29 MP: 3/3
   699 | D:2      | Reached skill level 1 in Dodging
   733 | D:2      | Noticed Ijyb
   750 | D:2      | Killed Ijyb
   750 | D:2      | Reached skill level 4 in Shields
   750 | D:2      | Reached XP level 4. HP: 26/35 MP: 4/4
   833 | D:2      | Noticed Jessica
   834 | D:2      | Noticed Robin
   846 | D:2      | Killed Robin
   853 | D:2      | Reached XP level 5. HP: 11/41 MP: 5/5
   856 | D:2      | Killed Jessica
  1557 | D:3      | Found a stormy altar of Qazlal.
  1853 | D:3      | Reached XP level 6. HP: 34/47 MP: 6/6
  2070 | D:3      | Found a radiant altar of Vehumet.
  2521 | D:4      | Reached XP level 7. HP: 12/52 MP: 7/7
  3030 | D:4      | Noticed a water moccasin
  3049 | D:4      | Killed a water moccasin
  3049 | D:4      | Reached skill level 5 in Axes
  3049 | D:4      | Reached skill level 5 in Shields
  3069 | D:4      | Noticed Blork the orc
  3078 | D:4      | Killed Blork the orc
  3292 | D:4      | Found a staircase to the Ecumenical Temple.
  3314 | Temple   | Entered the Ecumenical Temple
  3359 | Temple   | Became a worshipper of Gozag Ym Sagoz the Greedy
  3508 | D:4      | Reached skill level 5 in Armour
  3730 | D:4      | Reached XP level 8. HP: 23/58 MP: 8/8
  4063 | D:4      | Noticed Sigmund
  4086 | D:4      | Killed Sigmund
  4086 | D:4      | Reached skill level 6 in Axes
  4380 | D:5      | Entered Level 5 of the Dungeon
  4380 | D:5      | Noticed Menkaure
  4391 | D:5      | Killed Menkaure
  4713 | D:5      | Noticed Prince Ribbit
  4721 | D:5      | Noticed Eustachio
  4765 | D:5      | Killed Eustachio
  4765 | D:5      | Reached skill level 7 in Axes
  4910 | D:5      | Reached XP level 9. HP: 39/64 MP: 9/9
  5173 | D:5      | Gained mutation: You can spit weak poison. [potion of mutation]
  5173 | D:5      | Gained mutation: You are robust (+10% HP). [potion of mutation]
  5173 | D:5      | Gained mutation: Your mind is acute. (Int +2) [potion of mutation]
  5174 | D:5      | HP: 2/70 [Prince Ribbit (4)]
  5175 | D:5      | Slain by Prince Ribbit

Action                   |  1- 3 |  4- 6 |  7- 9 || total
-------------------------+-------+-------+-------++-------
Melee: War axe           |   130 |   133 |    62 ||   325
       Hand axe          |       |       |   150 ||   150
  Use: Potion            |       |     1 |    10 ||    11
  Eat: Chunk             |       |     6 |     2 ||     8
       Fruit             |       |       |     5 ||     5
       Beef jerky        |       |       |     1 ||     1
